 Dungeon Crawl Stone Soup version 0.24-a0-549-g45f0056d81 (webtiles) character file.

Game seed: 12603788501804947476

4512 Ijustatesigmund the Fighter (level 10, 0/113 HPs)
             Began as an Ogre Fighter on Aug 20, 2019.
             Was a Follower of Okawaru.
             Slain by an orc
             ... wielding a +0 halberd
              (7 damage)
             ... in a bailey.
             The game lasted 00:18:16 (10661 turns).

Ijustatesigmund the Fighter (Ogre Fighter)         Turns: 10661, Time: 00:18:17

Health: 0/113      AC: 13    Str: 22    XL:     10   Next: 39%
Magic:  13/13      EV: 14    Int:  9    God:    Okawaru [*.....]
Gold:   543        SH:  0    Dex: 11    Spells: 9/9 levels left

rFire    . . .     SeeInvis .   q - +1 mace (protect)
rCold    . . .     Gourm    .   c - +0 shield
rNeg     . . .     Faith    .   b - +0 robe
rPois    .         Spirit   .   i - +1 hat
rElec    .         Reflect  .   k - +1 cloak
rCorr    .         Harm     .   (gloves unavailable)
MR       +....                  (boots unavailable)
Stlth    +.........             (no amulet)
HPRegen  0.28/turn              (no ring)
MPRegen  0.13/turn              (no ring)

@: confused, heroism, protection aura
A: large, unfitting armour, tough skin 1
a: Heroism, Renounce Religion


You were in a bailey.
You worshipped Okawaru.
Okawaru was aware of your devotion.
You were not hungry.

You visited 2 branches of the dungeon, and saw 9 of its levels.
You also visited: Bailey.

You collected 543 gold pieces.

Inventory:

Hand Weapons
 a - a +0 flail
 d - a +2 whip of flaming
 q - a +1 mace of protection (weapon)
Missiles
 e - 3 throwing nets (quivered)
Armour
 b - a +0 robe (worn)
 c - a +0 shield (worn)
 i - a +1 hat (worn)
 k - a +1 cloak (worn)
Wands
 g - a wand of digging (5)
 o - a wand of flame (19)
 s - a wand of random effects (21)
Scrolls
 h - a scroll of identify
 n - 4 scrolls of remove curse
 p - a scroll of immolation
Potions
 j - 2 potions of cancellation
 r - a potion of flight
Comestibles
 f - 8 rations


   Skills:
 - Level 11.1(16.1) Fighting
 - Level 10.0(15.0) Maces & Flails
 + Level 3.8(8.8) Dodging
 + Level 3.9(8.9) Shields
 + Level 5.0 Invocations


You had 9 spell levels left.
You didn't know any spells.
Your spell library contained the following spells:

 Spells                   Type           Power        Failure   Level  Hunger
 Confusing Touch          Hex            #.....       38%         1    ##.....
 Confuse                  Hex            #.......     77%         3    ####...
 Gell's Gravitas          Tloc           #.........   77%         3    ####...
 Petrify                  Tmut/Erth      #.......     99%         4    #####..
 Metabolic Englaciation   Hex/Ice        #.........   100%        5    ######.
 Yara's Violent Unravell  Hex/Tmut       #.........   100%        5    ######.


Dungeon Overview and Level Annotations

Branches:
Dungeon (8/15)             Temple (1/1) D:6
   Lair: D:8-11

Altars:
Ashenzari
Cheibriados
Dithmenos
Fedhas
Hepliaklqana
Makhleb
Nemelex Xobeh
Okawaru
Ru
Xom

Annotations:
D:4 1 runed translucent door


Innate Abilities, Weirdness & Mutations

You are too large for most types of armour.
You have tough skin. (AC +1)


Message History

You block the orc's attack.
The orc warrior hits you but does no damage.
The orc hits you from afar with a cursed -1 halberd!
* * * LOW HITPOINT WARNING * * *
You sock the orc warrior!
You kill the orc warrior!
Okawaru accepts your kill.
Your Invocations skill increases to level 5!
The orc barely misses you. You block the orc's attack.
You block the orc warrior's attack. The orc closely misses you.
You are confused.
You feel invigorated. The orc barely misses you.
The orc hits you from afar with a +0 spear.
* * * LOW HITPOINT WARNING * * *
The orc misses you.
The orc closely misses you. x2; The orc barely misses you.
The orc warrior hits you but does no damage.
You hit the orc.
The orc is severely wounded.
The orc hits you with a +0 halberd!
You die...

########### ######
.∩..)))...## #.....#
.....))....######.o.....
...))).....#....#o......
....)......'....@o).....
...........#....#oo.....
...........######oo.....
.∩........## #.....#
########### ######


You could see an orc warrior and 6 orcs.

Vanquished Creatures
  The ghost of Norm the Pure, an amateur OgAK of Lugonu (D:4)
  A hippogriff (D:7)
  Sigmund (D:4)
  A hungry ghost (D:7)
  A water moccasin (D:6)
  3 sky beasts (D:5)
  5 orc warriors (Bailey)
  A phantom (D:8)
  A wolf (D:5)
  2 necrophages (D:6)
  A centaur (D:6)
  7 ogres
  A big kobold (D:7)
  3 bullfrogs
  A gnoll sergeant (D:5)
  4 scorpions
  A howler monkey (D:6)
  4 crimson imps
  2 bullfrog zombies
  3 gnoll shamans (D:5)
  A jelly (D:7)
  4 orc priests
  8 hounds
  4 orc wizards
  Crazy Yiuf (D:6)
  2 iguanas
  3 worker ants
  Natasha (twice) (D:2)
  2 hound skeletons (D:6)
  17 gnolls
  8 adders
  A howler monkey skeleton (D:4)
  An ooze (D:2)
  A worm (D:4)
  A dart slug (D:3)
  10 leopard geckos
  41 orcs
  11 bats
  7 giant cockroaches
  6 hobgoblins
  2 jackals (D:1)
  6 quokkas
  3 ball pythons
  5 frilled lizards
  11 goblins
  16 kobolds
  A leopard gecko skeleton (D:6)
  8 rats
  A fungus (D:6)
228 creatures vanquished.

Vanquished Creatures (collateral kills)
  A gnoll shaman (D:5)
  A gnoll (D:5)
2 creatures vanquished.

Grand Total: 230 creatures vanquished

Notes
Turn   | Place    | Note
-------+----------+-------------------------------------------
     0 | D:1      | Ijustatesigmund the Ogre Fighter began the quest for the
                  | Orb.
     0 | D:1      | Reached XP level 1. HP: 24/24 MP: 1/1
   155 | D:1      | Reached XP level 2. HP: 29/32 MP: 2/2
   695 | D:2      | Reached XP level 3. HP: 40/40 MP: 3/3
  1530 | D:2      | Noticed Natasha
  1548 | D:2      | Killed Natasha
  1548 | D:2      | Reached skill level 5 in Fighting
  1548 | D:2      | Reached XP level 4. HP: 20/50 MP: 4/4
  1849 | D:2      | Noticed Natasha
  1878 | D:2      | Killed Natasha
  2248 | D:2      | Reached XP level 5. HP: 57/57 MP: 5/5
  2251 | D:2      | Found a sparkling altar of Nemelex Xobeh.
  3030 | D:4      | Reached skill level 6 in Fighting
  3030 | D:4      | Reached XP level 6. HP: 64/67 MP: 6/6
  3167 | D:4      | Reached skill level 5 in Maces & Flails
  3535 | D:4      | Found a runed translucent door.
  3539 | D:4      | Noticed Norm's ghost (amateur OgAK)
  3637 | D:4      | Found a runed translucent door.
  3668 | D:4      | Killed Norm's ghost
  3668 | D:4      | Reached skill level 7 in Fighting
  3668 | D:4      | Reached XP level 7. HP: 20/78 MP: 7/7
  4403 | D:4      | Noticed Sigmund
  4415 | D:4      | Killed Sigmund
  4415 | D:4      | Reached XP level 8. HP: 55/88 MP: 8/8
  4612 | D:5      | Entered Level 5 of the Dungeon
  4695 | D:5      | Reached skill level 8 in Fighting
  5803 | D:5      | Reached skill level 9 in Fighting
  6182 | D:5      | Reached XP level 9. HP: 32/98 MP: 9/9
  8071 | D:6      | Found a hazy altar of Hepliaklqana.
  8179 | D:6      | Found a burning altar of Makhleb.
  8203 | D:6      | Reached skill level 10 in Fighting
  8222 | D:6      | Found a staircase to the Ecumenical Temple.
  8318 | Temple   | Entered the Ecumenical Temple
  8326 | Temple   | Became a worshipper of Warmaster Okawaru
  8368 | D:6      | Reached skill level 1 in Invocations
  8937 | D:6      | Found a runed translucent door.
  8938 | D:6      | Noticed Crazy Yiuf
  8948 | D:6      | Killed Crazy Yiuf
  9040 | D:7      | Reached * piety under Okawaru
  9506 | D:7      | Found a shadowy altar of Dithmenos.
  9595 | D:7      | Reached skill level 11 in Fighting
  9595 | D:7      | Reached XP level 10. HP: 75/112 MP: 12/12
  9618 | D:7      | Reached skill level 10 in Maces & Flails
 10381 | D:8      | Found a flagged portal.
 10389 | Bailey   | Entered a bailey
 10658 | Bailey   | HP: 1/113 [orc/cursed -1 halberd (7)]
 10659 | Bailey   | Reached skill level 5 in Invocations
 10661 | Bailey   | Slain by an orc

Levels and vault maps discovered:
D:1:      psy_arrival_fountain, layout_loops_ring
D:2:      layout_loops_ring, first_ration, nemelex_dance_club_becter,
          uniq_natasha
D:3:      layout_rooms, minmay_misc_feat_diagonals,
          hangedman_decor_clover_reticule
D:4:      layout_cave_pools, ebering_ghost_sewer_f, solitary_fountain,
          uniq_sigmund
D:5:      layout_cave_pools, serial_gnoll_camp, gnoll_camp_medium_02,
          gnoll_camp_mini_house, gnoll_camp_mini_hut, gnoll_camp_mini_house,
          chequers_avenue
D:6:      layout_cave_pools, nicolae_overflow_crystal_walls, temple_statues,
          grunt_ministairs_9, makhleb_blood_cavern_becter,
          uniq_crazy_yiuf_cottage
D:7:      layout_loops_corners, old_standard_altar
D:8:      layout_gridville, enter_bailey_3
Temple:   regret_index_temple_mists
Bailey:   bailey_polearm_5, bailey

Skill      XL: |  1  2  3  4  5  6  7  8  9 10 |
---------------+-------------------------------+-----
Maces & Flails | 2 3 4 5 6 8 9 10 | 10.0
Fighting       | 5 6 7 9 11 | 11.1
Invocations    | 3 5 |  5.0
Dodging        | 3 |  3.8
Shields        | 3 |  3.9

Action                   |  1- 3 |  4- 6 |  7- 9 | 10-12 || total
-------------------------+-------+-------+-------+-------++-------
Melee: Flail             |   175 |     2 |       |       ||   177
       Whip              |       |   194 |   460 |       ||   654
       Mace              |       |       |   123 |   142 ||   265
Invok: Heroism           |       |       |       |     4 ||     4
Evoke: Wand              |       |       |       |     5 ||     5
  Use: Scroll            |     4 |     2 |     9 |     3 ||    18
       Potion            |     2 |     4 |     5 |     4 ||    15
 Stab: Invisible         |       |       |       |     7 ||     7
  Eat: Chunk             |     2 |     4 |    14 |     2 ||    22
       Ration            |       |     1 |     3 |     1 ||     5
Armor: Robe              |    82 |    59 |   160 |    42 ||   343
       Skin              |       |     2 |     2 |       ||     4
Dodge: Dodged            |    74 |    76 |   153 |   131 ||   434
Block: Shield            |   106 |    95 |   225 |   135 ||   561

Table legend:
 A = Non-vault XP
 B = Vault XP
 C = Vault XP percentage of total XP
 D = Non-vault monster count
 E = Vault monster count
 F = Vault count percentage of total count
                 A         B        C        D         E       F
            +---------+---------+-------+---------+---------+-------
      Total |    4314 |    2133 |  33.1 |     176 |      53 |  23.1
            +---------+---------+-------+---------+---------+-------
        D:1 |      21 |       0 |   0.0 |      14 |       0 |   0.0
        D:2 |     117 |      43 |  26.9 |      31 |       3 |   8.8
        D:3 |     133 |       0 |   0.0 |      26 |       0 |   0.0
        D:4 |     360 |     578 |  61.6 |      26 |       5 |  16.1
        D:5 |     896 |     592 |  39.8 |      18 |      21 |  53.8
        D:6 |     959 |     219 |  18.6 |      26 |       4 |  13.3
        D:7 |    1057 |       0 |   0.0 |      25 |       0 |   0.0
        D:8 |     771 |       7 |   0.9 |      10 |       4 |  28.6
     Bailey |       0 |     694 | 100.0 |       0 |      16 | 100.0
            +---------+---------+-------+---------+---------+-------
